AoeStats
← NuMa | Gacha

Arena

509206327Analyzed
4v4 RM · 8d ago on Sep 25, 2026· 46m 14s· 8 players
Game mode
Random Map
Map size
Large (8 player)
Population
200
Speed
Normal
Resources
Standard
Victory
Conquest
Starting age
Dark Age
Ending age
Imperial Age
RankedLock teamsTeams togetherTeam positionsShared explorationLock speedFull tech treeHidden civsTurbo modeCheats
Victory
Defeat
🇪🇸 Cumans · Spain
1326
+15
🇹🇷 Mongols · Türkiye
1299
+16
🇧🇷 Britons · Brazil
1294
+16
🇲🇽 Khmer · Mexico
1279
+17
🇨🇴 Turks · Colombia
1424
-20
🇨🇴 Huns · Colombia
1402
-20
🇨🇴 Franks · Colombia
1295
-16
🇨🇴 Italians · Colombia
1079
-8
HK El Primo
10:48 Feudal Age
13:37 Castle Age
11:49 Double-Bit Axe
11:47 Horse Collar
15:11 Heavy Plow
20:58 Bow Saw
23:43 Loom
25:16 Bloodlines
25:45 Husbandry
26:39 Forging
26:35 Scale Barding Armor
28:33 Iron Casting
28:19 Chain Barding Armor
29:01 Gold Mining
29:01 Stone Mining
30:46 Gold Shaft Mining
33:03 Imperial Age
33:46 Coinage
34:26 Crop Rotation
34:36 Elite Battle Elephant
36:18 Blast Furnace
39:53 Tusk Swords
41:37 Plate Barding Armor
42:12 Ballistics
43:46 Banking
44:49 Chemistry
45:32 Conscription
hcenemod
8:31 Feudal Age
9:18 Double-Bit Axe
9:49 Horse Collar
19:50 Castle Age
20:19 Wheelbarrow
23:17 Capped Ram
26:51 Scale Mail Armor
26:39 Loom
27:27 Forging
28:24 Pikeman
29:04 Squires
29:21 Chain Mail Armor
31:42 Iron Casting
31:41 Bow Saw
34:07 Hand Cart
33:56 Heavy Plow
35:41 Light Cavalry
36:31 Bloodlines
37:18 Scale Barding Armor
40:13 Chain Barding Armor
43:32 Imperial Age
43:57 Arson
44:29 Hussar
44:36 Hussar
44:56 Elite Steppe Lancer
46:39 Plate Barding Armor
46:47 Plate Mail Armor
dionathanbh
7:15 Loom
10:21 Feudal Age
16:26 Castle Age
15:32 Double-Bit Axe
19:42 Gold Mining
20:57 Wheelbarrow
22:48 Fletching
22:30 Crossbowman
23:33 Bodkin Arrow
24:27 Padded Archer Armor
25:24 Leather Archer Armor
30:05 Bow Saw
45:58 Caravan
Shamdan
10:56 Feudal Age
14:40 Castle Age
12:35 Double-Bit Axe
12:38 Horse Collar
15:45 Wheelbarrow
15:32 Bow Saw
20:45 Loom
20:45 Town Watch
22:05 Stone Mining
22:05 Gold Mining
23:38 Heavy Plow
28:41 Imperial Age
27:11 Fletching
28:22 Bodkin Arrow
29:35 Capped Ram
30:39 Siege Ram
31:48 Conscription
32:06 Bracer
33:19 Drill
33:34 Hand Cart
34:23 Gold Shaft Mining
35:02 Chemistry
33:41 Heavy Scorpion
35:56 Ballistics
37:08 Siege Engineers
40:55 Padded Archer Armor
44:34 Leather Archer Armor
44:40 Shipwright
44:30 Clinker Construction
43:47 Elite Mangudai
45:02 Hoardings
NuMa | Gacha
11:19 Feudal Age
15:28 Castle Age
13:43 Stone Mining
14:06 Double-Bit Axe
16:28 Bow Saw
19:37 Loom
23:08 Fletching
24:53 Bodkin Arrow
28:13 Wheelbarrow
34:24 Ballistics
35:08 Padded Archer Armor
38:33 Imperial Age
36:22 Hand Cart
36:24 Leather Archer Armor
36:17 Town Watch
40:07 Conscription
39:13 Onager
NuMa | Jomaro
11:39 Feudal Age
15:53 Castle Age
14:49 Double-Bit Axe
15:07 Gold Mining
18:00 Wheelbarrow
19:51 Scale Barding Armor
21:16 Husbandry
21:29 Forging
21:48 Bow Saw
22:47 Chain Barding Armor
24:31 Gold Shaft Mining
25:58 Iron Casting
26:06 Hand Cart
40:02 Loom
42:46 Stone Mining
NuMa | Ezio
10:09 Feudal Age
11:53 Loom
14:38 Castle Age
13:08 Double-Bit Axe
13:38 Horse Collar
19:33 Gold Mining
21:02 Bow Saw
21:52 Bloodlines
21:49 Scale Barding Armor
21:55 Forging
22:52 Wheelbarrow
22:34 Husbandry
23:17 Fletching
24:44 Chain Barding Armor
28:49 Gold Shaft Mining
30:31 Iron Casting
32:13 Pikeman
34:08 Scale Mail Armor
35:29 Chain Mail Armor
35:16 Squires
44:03 Imperial Age
41:44 Heavy Plow
41:36 Stone Mining
41:39 Man-at-Arms
42:25 Long Swordsman
44:05 Two-Handed Swordsman
45:52 Blast Furnace
TILIN2.0
12:22 Feudal Age
16:11 Castle Age
14:19 Double-Bit Axe
16:37 Town Watch
20:26 Imperial Age
17:53 Double-Bit Axe
19:24 Bow Saw
29:44 Horse Collar
34:15 Heavy Plow
35:33 Sanctity
40:14 Wheelbarrow
42:45 Padded Archer Armor
43:17 Fortified Wall
Connection lost

Rejoining the realm…

Still unreachable

The connection could not be restored.

Session expired

The server has moved on; the page needs a fresh start.